PAAA
SCRANTON SUPERNOVAS @ BLOOMINGTON LONGNECKS
07/17/2038
 
TOP OF THE 1ST
Scranton Supernovas batting - Pitching for Bloomington Longnecks : LHP Hildebrand Michielsen
Pitching: LHP Hildebrand Michielsen
Batting: RHB Juan Tellado 0-0: Ball
1-0: Ground out 6-3 (Groundball, 6, EV 81.2 MPH)
Batting: RHB Zacarías Salazar 0-0: Swinging Strike
0-1: Ball
1-1: DOUBLE (Line Drive, 7LM, EV 105.0 MPH)
Batting: SHB Eugene Clutch 0-0: Ball
1-0: Fly out, F6 (Popup, 4S, EV 73.8 MPH)
Batting: RHB José Rodríguez 0-0: Ball
1-0: Ball
2-0: Foul Ball, location: 2F
2-1: Foul Ball, location: 2F
2-2: Foul Ball, location: 2F
2-2: Foul Ball, location: 2F
2-2: Fly out, F7 (Flyball, 78S, EV 88.8 MPH)
Top of the 1st over - 0 runs, 1 hit, 0 errors, 1 left on base; Scranton 0 - Bloomington 0
BOTTOM OF THE 1ST
Bloomington Longnecks batting - Pitching for Scranton Supernovas : RHP Amando Codes
Pitching: RHP Amando Codes
Batting: LHB Kensaku Hatayama 0-0: Ball
1-0: SINGLE (Groundball, 5D, EV 106.2 MPH)
Batting: RHB Clint Morgan 0-0: Ball
1-0: Ball
2-0: Ball
3-0: Called Strike
3-1: Fly out, F8 (Flyball, 8LM, EV 92.5 MPH)
Batting: RHB Alfonso Nazario 0-0: Called Strike
0-1: Fielders Choice at 2nd, 6-4 (Groundball, 6, EV 85.6 MPH)
Batting: LHB Manuel Estrada 0-0: Called Strike
0-1: Ball
1-1: Ball
2-1: Fly out, F8 (Flyball, 8RXD, EV 105.6 MPH)
Bottom of the 1st over - 0 runs, 1 hit, 0 errors, 1 left on base; Scranton 0 - Bloomington 0
TOP OF THE 2ND
Scranton Supernovas batting - Pitching for Bloomington Longnecks : LHP Hildebrand Michielsen
Batting: RHB Dam Son 0-0: SINGLE (Line Drive, 9S, EV 90.0 MPH)
Batting: RHB Jeff Quesenberry 0-0: Foul Ball, location: 2F
0-1: Swinging Strike
0-2: Foul Ball, location: 2F
0-2: Ball
1-2: Grounds into double play, 6-4-3 (Groundball, 6M, EV 93.1 MPH)
Batting: LHB António Casas 0-0: Called Strike
0-1: Called Strike
0-2: Ball
1-2: Strikes out looking
Top of the 2nd over - 0 runs, 1 hit, 0 errors, 0 left on base; Scranton 0 - Bloomington 0
BOTTOM OF THE 2ND
Bloomington Longnecks batting - Pitching for Scranton Supernovas : RHP Amando Codes
Batting: SHB Francisco Chávez 0-0: Called Strike
0-1: Called Strike
0-2: Ball
1-2: Strikes out swinging
Batting: RHB Marcos Germán 0-0: Ball
1-0: Foul Ball, location: 2F
1-1: Fly out, F8 (Flyball, 8RS, EV 88.8 MPH)
Batting: RHB Cornell MacDonald 0-0: Fly out, F7 (Flyball, 78D, EV 101.2 MPH)
Bottom of the 2nd over - 0 runs, 0 hits, 0 errors, 0 left on base; Scranton 0 - Bloomington 0
TOP OF THE 3RD
Scranton Supernovas batting - Pitching for Bloomington Longnecks : LHP Hildebrand Michielsen
Batting: RHB Mike Pate 0-0: Foul Ball, location: 2F
0-1: Ball
1-1: Called Strike
1-2: Fly out, F7 (Line Drive, 7D, EV 88.8 MPH)
Batting: LHB Chase Popoff 0-0: Ball
1-0: Called Strike
1-1: Swinging Strike
1-2: Strikes out swinging
Batting: RHB Juan Tellado 0-0: Called Strike
0-1: Ball
1-1: DOUBLE (Line Drive, 89D, EV 105.6 MPH)
Batting: RHB Zacarías Salazar 0-0: Called Strike
0-1: Ball
1-1: Ball
2-1: Ball
3-1: Ground out 6-3 (Groundball, 56D, EV 104.4 MPH)
Top of the 3rd over - 0 runs, 1 hit, 0 errors, 1 left on base; Scranton 0 - Bloomington 0
BOTTOM OF THE 3RD
Bloomington Longnecks batting - Pitching for Scranton Supernovas : RHP Amando Codes
Batting: RHB Lucas Smith 0-0: Ball
1-0: Foul Ball, location: 2F
1-1: Foul Ball, location: 2F
1-2: Foul Ball, location: 2F
1-2: Foul Ball, location: 2F
1-2: Foul Ball, location: 2F
1-2: Strikes out swinging
Batting: RHB Manny Diéguez 0-0: Ball
1-0: Fly out, F5 (Popup, 5SF, EV 73.8 MPH)
Batting: LHB Kensaku Hatayama 0-0: Foul Ball, location: 2F
0-1: Called Strike
0-2: SINGLE (Groundball, 6, EV 98.1 MPH) (infield hit)
Batting: RHB Clint Morgan 0-0: Ball
1-0: Swinging Strike
1-1: Swinging Strike
1-2: Ball
2-2: Fly out, F9 (Line Drive, 9, EV 84.4 MPH)
Bottom of the 3rd over - 0 runs, 1 hit, 0 errors, 1 left on base; Scranton 0 - Bloomington 0
TOP OF THE 4TH
Scranton Supernovas batting - Pitching for Bloomington Longnecks : LHP Hildebrand Michielsen
Batting: SHB Eugene Clutch 0-0: Fly out, F7 (Flyball, 78D, EV 94.4 MPH)
Batting: RHB José Rodríguez 0-0: Ball
1-0: Foul Ball, location: 2F
1-1: Fly out, F7 (Line Drive, 7, EV 87.5 MPH)
Batting: RHB Dam Son 0-0: Ball
1-0: Called Strike
1-1: Ground out 5-3 (Groundball, 56S, EV 82.5 MPH)
Top of the 4th over - 0 runs, 0 hits, 0 errors, 0 left on base; Scranton 0 - Bloomington 0
BOTTOM OF THE 4TH
Bloomington Longnecks batting - Pitching for Scranton Supernovas : RHP Amando Codes
Batting: RHB Alfonso Nazario 0-0: Called Strike
0-1: Swinging Strike
0-2: Foul Ball, location: 2F
0-2: Strikes out looking
Batting: LHB Manuel Estrada 0-0: Swinging Strike
0-1: Ball
1-1: Foul Ball, location: 2F
1-2: Ball
2-2: Ball
3-2: Base on Balls
Batting: SHB Francisco Chávez 0-0: Grounds into double play, 6-4-3 (Groundball, 6M, EV 86.2 MPH)
Bottom of the 4th over - 0 runs, 0 hits, 0 errors, 0 left on base; Scranton 0 - Bloomington 0
TOP OF THE 5TH
Scranton Supernovas batting - Pitching for Bloomington Longnecks : LHP Hildebrand Michielsen
Batting: RHB Jeff Quesenberry 0-0: Called Strike
0-1: Ball
1-1: Ground out 6-3 (Groundball, 6, EV 91.2 MPH)
Batting: LHB António Casas 0-0: Called Strike
0-1: Ball
1-1: Foul Ball, location: 2F
1-2: Strikes out swinging
Batting: RHB Mike Pate 0-0: Fly out, F9 (Flyball, 89S, EV 92.5 MPH)
Top of the 5th over - 0 runs, 0 hits, 0 errors, 0 left on base; Scranton 0 - Bloomington 0
BOTTOM OF THE 5TH
Bloomington Longnecks batting - Pitching for Scranton Supernovas : RHP Amando Codes
Batting: RHB Marcos Germán 0-0: Ball
1-0: Fly out, F8 (Flyball, 78S, EV 91.2 MPH)
Batting: RHB Cornell MacDonald 0-0: Called Strike
0-1: Called Strike
0-2: Strikes out swinging
Batting: RHB Lucas Smith 0-0: Foul Ball, location: 2F
0-1: Called Strike
0-2: Ball
1-2: Ball
2-2: Fly out, F8 (Flyball, 8LD, EV 88.1 MPH)
Bottom of the 5th over - 0 runs, 0 hits, 0 errors, 0 left on base; Scranton 0 - Bloomington 0
TOP OF THE 6TH
Scranton Supernovas batting - Pitching for Bloomington Longnecks : LHP Hildebrand Michielsen
Batting: LHB Chase Popoff 0-0: Ball
1-0: Ground out 6-3 (Groundball, 6, EV 91.2 MPH)
Batting: RHB Juan Tellado 0-0: Ball
1-0: Called Strike
1-1: Fly out, F9 (Line Drive, 9, EV 89.4 MPH)
Batting: RHB Zacarías Salazar 0-0: Called Strike
0-1: Swinging Strike
0-2: Ground out 6-3 (Groundball, 6, EV 102.5 MPH)
Top of the 6th over - 0 runs, 0 hits, 0 errors, 0 left on base; Scranton 0 - Bloomington 0
BOTTOM OF THE 6TH
Bloomington Longnecks batting - Pitching for Scranton Supernovas : RHP Amando Codes
Batting: RHB Manny Diéguez 0-0: Ground out 6-3 (Groundball, 56D, EV 109.4 MPH)
Batting: LHB Kensaku Hatayama 0-0: Called Strike
0-1: Ball
1-1: Ball
2-1: Ball
3-1: SINGLE (Groundball, 34D, EV 106.9 MPH)
Batting: RHB Clint Morgan 0-0: Called Strike
0-1: Called Strike
0-2: Ball
1-2: Ball
2-2: Ball
3-2: SINGLE (Flyball, 8RS, EV 90.0 MPH)
Kensaku Hatayama to second
Kensaku Hatayama to third
Batting: RHB Alfonso Nazario 0-0: Called Strike
0-1: Swinging Strike
0-2: Fly out, F7 (Flyball, 7S, EV 90.6 MPH)
Batting: LHB Manuel Estrada 0-0: Ball
1-0: 3-RUN HOME RUN (Flyball, 7LD, EV 108.1 MPH), Distance : 337 ft
Batting: SHB Francisco Chávez 0-0: Ball
1-0: Fly out, F8 (Flyball, 8LS, EV 84.4 MPH)
Bottom of the 6th over - 3 runs, 3 hits, 0 errors, 0 left on base; Scranton 0 - Bloomington 3
TOP OF THE 7TH
Scranton Supernovas batting - Pitching for Bloomington Longnecks : LHP Hildebrand Michielsen
Now at 2B: Gerald Snow
Batting: SHB Eugene Clutch 0-0: Ground out 5-3 (Groundball, 5, EV 88.8 MPH)
Batting: RHB José Rodríguez 0-0: Ball
1-0: Called Strike
1-1: Foul Ball, location: 2F
1-2: Foul Ball, location: 2F
1-2: Strikes out swinging
Batting: RHB Dam Son 0-0: Ball
1-0: Ball
2-0: Ball
3-0: Called Strike
3-1: Swinging Strike
3-2: SINGLE (Line Drive, 78S, EV 98.8 MPH)
Batting: RHB Jeff Quesenberry 0-0: Ball
1-0: Foul Ball, location: 2F
1-1: Ground out 1-3 (Groundball, 34S, EV 86.2 MPH)
Top of the 7th over - 0 runs, 1 hit, 0 errors, 1 left on base; Scranton 0 - Bloomington 3
BOTTOM OF THE 7TH
Bloomington Longnecks batting - Pitching for Scranton Supernovas : RHP Amando Codes
Batting: RHB Marcos Germán 0-0: Swinging Strike
0-1: Swinging Strike
0-2: Ball
1-2: Ball
2-2: Strikes out looking
Batting: RHB Cornell MacDonald 0-0: Called Strike
0-1: Ball
1-1: Ball
2-1: SOLO HOME RUN (Flyball, 7D, EV 94.4 MPH), Distance : 371 ft
Batting: RHB Lucas Smith 0-0: Ball
1-0: Ball
2-0: Called Strike
2-1: Ground out 5-3 (Groundball, 56, EV 84.4 MPH)
Batting: RHB Manny Diéguez 0-0: Ball
1-0: Foul Ball, location: 2F
1-1: Called Strike
1-2: Ball
2-2: Ball
3-2: Base on Balls
Batting: LHB Kensaku Hatayama 0-0: Ball
Manny Diéguez steals 2nd, throwing error, E2
Manny Diéguez to third
1-0: Ball
2-0: Called Strike
2-1: Fly out, F5 (Line Drive, 5, EV 70.0 MPH)
Bottom of the 7th over - 1 run, 1 hit, 1 error, 1 left on base; Scranton 0 - Bloomington 4
TOP OF THE 8TH
Scranton Supernovas batting - Pitching for Bloomington Longnecks : LHP Hildebrand Michielsen
Batting: LHB António Casas 0-0: Swinging Strike
0-1: Swinging Strike
0-2: Strikes out swinging
Batting: RHB Mike Pate 0-0: Called Strike
0-1: Ball
1-1: Foul Ball, location: 2F
1-2: Ball
2-2: Foul Ball, location: 2F
2-2: DOUBLE (Line Drive, 9LS, EV 92.5 MPH)
Batting: LHB Chase Popoff 0-0: Called Strike
0-1: Ball
1-1: Ball
2-1: Called Strike
2-2: Strikes out swinging
Batting: RHB Juan Tellado 0-0: Swinging Strike
0-1: Ball
1-1: TRIPLE (Flyball, 89XD, EV 109.4 MPH)
Mike Pate scores
Pitching: RHP Ron Rouse
Batting: RHB Zacarías Salazar 0-0: Ball
1-0: Reached on error, E6 (Groundball, 6, EV 75.6 MPH)
Juan Tellado scores
Batting: SHB Eugene Clutch 0-0: Foul Ball, location: 2F
0-1: Ground out 3-1 (Groundball, 34, EV 85.0 MPH)
Top of the 8th over - 2 runs, 2 hits, 1 error, 1 left on base; Scranton 2 - Bloomington 4
BOTTOM OF THE 8TH
Bloomington Longnecks batting - Pitching for Scranton Supernovas : RHP Amando Codes
Batting: RHB Gerald Snow 0-0: Ball
1-0: Ball
2-0: Foul Ball, location: 2F
2-1: Called Strike
2-2: Foul Ball, location: 2F
2-2: Ball
3-2: Fly out, F7 (Flyball, 7LS, EV 98.8 MPH)
Pitching: LHP Einar Engberg
Batting: RHB Alfonso Nazario 0-0: Fly out, F8 (Flyball, 8RS, EV 81.9 MPH)
Batting: LHB Manuel Estrada 0-0: Fly out, F8 (Flyball, 8RM, EV 93.1 MPH)
Bottom of the 8th over - 0 runs, 0 hits, 0 errors, 0 left on base; Scranton 2 - Bloomington 4
TOP OF THE 9TH
Scranton Supernovas batting - Pitching for Bloomington Longnecks : RHP Ron Rouse
Batting: RHB José Rodríguez 0-0: Called Strike
0-1: Foul Ball, location: 2F
0-2: Ball
1-2: Strikes out looking
Batting: RHB Dam Son 0-0: Ball
1-0: Ball
2-0: Foul Ball, location: 2F
2-1: Ball
3-1: Base on Balls
Pinch Hitting: LHB Todd Bonzalez 0-0: Called Strike
0-1: Swinging Strike
0-2: Ball
1-2: Ball
2-2: Strikes out looking
Batting: LHB António Casas 0-0: Foul Ball, location: 2F
0-1: Foul Ball, location: 2F
0-2: Ball
1-2: Foul Ball, location: 2F
1-2: Strikes out looking
Top of the 9th over - 0 runs, 0 hits, 0 errors, 1 left on base; Scranton 2 - Bloomington 4
Friday, April 17th, 2020 - OOTP Baseball 20.8 Build 74